 Dungeon Crawl Stone Soup version 0.27-a0-1189-gb8eb6cee8e (webtiles) character file.

Game seed: 11572645755560772448

79 bande the Shield-Bearer (level 4, -3/29 HPs)
             Began as a Gargoyle Fighter on May 23, 2021.
             Slain by an orc
             ... wielding a +2 whip of electrocution
              (6 damage)
             ... on level 4 of the Dungeon.
             The game lasted 00:02:50 (1316 turns).

bande the Shield-Bearer (Gargoyle Fighter)          Turns: 1316, Time: 00:02:50

Health: -3/29      AC: 12    Str: 20    XL:     4   Next: 38%
Magic:  4/4        EV:  7    Int:  8    God:
Gold:   77         SH:  9    Dex: 10    Spells: 3/3 levels left

rFire    . . .     SeeInvis .   a - +0 war axe
rCold    . . .     Faith    .   c - +0 kite shield
rNeg     + . .     Spirit   .   b - +0 scale mail
rPois    ∞         Reflect  .   j - +0 helmet
rElec    +         Harm     .   (no cloak)
rCorr    .         Rampage  .   f - +0 pair of gloves
Will     .....                  (no boots)
Stlth    ..........             (no amulet)
HPRegen  0.09/turn              (no ring)
MPRegen  0.09/turn              (no ring)

@: no status effects
A: sickness immunity, AC +3, negative energy resistance 1, electricity
resistance, torment resistance 1, petrification resistance
a: no special abilities


You were on level 4 of the Dungeon.
You visited 1 branch of the dungeon, and saw 3 of its levels.

You collected 77 gold pieces.

Inventory:

Hand Weapons
 a - a +0 war axe (weapon)
Armour
 b - a +0 scale mail (worn)
 c - a +0 kite shield (worn)
 f - a +0 pair of gloves (worn)
 j - a +0 helmet (worn)
Scrolls
 e - a scroll of magic mapping {unknown}
 g - a scroll of amnesia {unknown}
 h - 2 scrolls of teleportation {unknown}
 i - a scroll of enchant armour {unknown}
 l - 2 scrolls of noise {unknown}
Potions
 d - 2 potions of might
 k - a potion of curing {unknown}


   Skills:
 + Level 3.8 Fighting
 + Level 3.0 Axes
 + Level 3.7 Armour
 + Level 0.1 Dodging
 + Level 3.8 Shields


You had 3 spell levels left.
You didn't know any spells.
Your spell library was empty.

Dungeon Overview and Level Annotations

Branches:
Dungeon (2/15)

Altars:

Shops:
D:2 !


Innate Abilities, Weirdness & Mutations

You are immune to sickness and miasma.
Your stone body is resilient. (AC +3)
You are immune to poison.
You resist negative energy. (rN+)
You are resistant to electric shocks. (rElec)
You are resistant to unholy torment.
You are immune to petrification.


Message History

The jelly is almost dead.
The jelly barely misses you. You block the jelly's attack.
You hit the jelly.
You kill the jelly!
Your Axes skill increases to level 3!
You have reached level 4!
You feel stronger.
The orc hits you with a +2 whip of electrocution.
You hit the orc but do no damage. You block the orc's attack.
You barely miss the orc. You block the orc's attack.
The orc hits you but does no damage.
You closely miss the orc. The orc closely misses you.
You barely miss the orc. The orc hits you but does no damage.
The orc completely misses you.
You hit the orc.
The orc is lightly wounded.
You block the orc's attack.
The orc hits you with a +2 whip of electrocution.
* * * LOW HITPOINT WARNING * * *
Your shield prevents you from hitting the orc.
The orc is lightly wounded.
You are no longer corroded.
You block the orc's attack.
You barely miss the orc.
The orc is lightly wounded.
The orc hits you but does no damage. You block the orc's attack.
You hit the orc but do no damage.
The orc is lightly wounded.
The orc completely misses you.
You hit the orc but do no damage.
The orc is lightly wounded.
The orc hits you but does no damage. The orc barely misses you.
You closely miss the orc.
The orc is lightly wounded.
The orc hits you with a +2 whip of electrocution.
* * * LOW HITPOINT WARNING * * *
You barely miss the orc.
The orc is lightly wounded.
The orc hits you with a +2 whip of electrocution.
You die...

#+## #..####
#.....# #.....+
#.....#
#######....#
#..........##.
#...o@.........
#.........?....
.............)...
.##....##........
#######...:....
.........
......... ##(.###


You could see an orc.

Vanquished Creatures
  A jelly (D:4)
  2 worms (D:2)
  A dart slug (D:2)
  3 bats
  4 endoplasms
  2 giant cockroaches
  4 hobgoblins
  2 kobolds (D:1)
  5 quokkas
  5 ball pythons
  A frilled lizard (D:1)
  A goblin (D:1)
  3 rats (D:2)
34 creatures vanquished.

Notes
Turn   | Place    | Note
-------+----------+-------------------------------------------
     0 | D:1      | bande the Gargoyle Fighter began the quest for the Orb.
     0 | D:1      | Reached XP level 1. HP: 14/14 MP: 1/1
    17 | D:1      | Found a faded altar of an unknown god.
   337 | D:1      | Reached XP level 2. HP: 19/19 MP: 2/2
   747 | D:2      | Found Ykuag's Distillery.
   830 | D:2      | Reached XP level 3. HP: 24/24 MP: 3/3
  1290 | D:2      | You fall into a shaft and drop 2 floors!
  1305 | D:4      | Reached XP level 4. HP: 11/29 MP: 4/4
  1316 | D:4      | Slain by an orc

Illustrated notes

Levels and vault maps discovered:
D:1:      scummos_arrival_simple_crosswalls, layout_rooms,
          shapermc_ecumenical_altar_mp_highgroup, hangedman_decor_growths,
          minivault_23, hangedman_decor_points, st_stairs_5,
          palyth_stone_intersect
D:2:      layout_loops_ring, serial_shops, shop
D:4:      layout_gridville, tgw_xom, uniq_blork_the_orc, uniq_menkaure

Skill      XL: |  1  2  3 |
---------------+----------+-----
Axes           | 2 3 |  3.0
Fighting       | |  3.8
Armour         | |  3.7
Dodging        | |  0.1
Shields        | |  3.8

Action                   |  1- 3 |  4- 6 || total
-------------------------+-------+-------++-------
Melee: War axe           |    84 |    11 ||    95
Armor: Scale mail        |    49 |     4 ||    53
Dodge: Dodged            |    24 |     4 ||    28
Block: Kite shield       |    32 |     5 ||    37

Table legend: (Time is in decaauts)
 A = Elapsed time spent in this place.
 B = Non-inter-level travel time spent in this place.
 C = Inter-level travel time spent in this place.
 D = Time resting spent in this place.
 E = Time spent auto-exploring this place.
 F = Levels seen in this place.
 G = Mean time per level.
                   A        B        C        D        E       F      G
               +--------+--------+--------+--------+--------+-----+--------+
         Total |   1373 |   1373 |      0 |      0 |   1091 |   3 |  457.7 |
       Dungeon |   1373 |   1373 |      0 |      0 |   1091 |   3 |  457.7 |
               +--------+--------+--------+--------+--------+-----+--------+

Top non-repeatable levels by time:
     D:1: 770 daAuts
     D:2: 565 daAuts
     D:4: 37 daAuts
